Description

tvt estandar

Replay - A.I. 1 (Very Easy) v Rescue - Deathaura LE

Build Order

Get SALT Encoding   

  12  0:00  SCV  
  13  0:12  SCV  
  14  0:17  Supply Depot  
  14  0:26  Refinery  
  14  0:27  SCV  
  15  0:39  SCV  
  16  0:44  Barracks  
  16  0:51  SCV  
  16  0:55  Refinery  
  17  1:03  SCV  
  18  1:16  SCV  
  19  1:28  SCV  
  19  1:32  Supply Depot, Reaper  
  21  1:40  Orbital Command  
  21  1:49  Factory  
  20  2:04  Reaper  
  20  2:06  SCV  
  22  2:18  SCV  
  23  2:33  Hellion  
  23  2:36  Reaper  
  27  2:39  Command Center  
  27  2:46  Supply Depot  
  28  2:55  Starport  
  28  2:59  Widow Mine  
  31  3:14  Barracks Reactor  
  32  3:21  Factory Tech Lab  
  33  3:32  Starport Tech Lab  
  33  3:37  Supply Depot  
  34  3:42  Siege Tank  
  37  3:50  Orbital Command  
  37  3:51  Marine x2  
  40  3:58  Refinery  
  40  4:01  Raven  
  43  4:08  Supply Depot  
  43  4:11  Marine x2  
  47  4:25  Siege Tank  
  53  4:38  Marine x2  
  56  4:49  Raven  
  60  5:03  Marine x2  
  60  5:06  Siege Tank  
  68  5:17  Command Center  
  71  5:47  Barracks x2, Engineering Bay x2  
  72  5:50  Refinery  
  72  5:55  Siege Tank  
  72  5:56  Marine, Stimpack  
  77  5:59  Viking  
  79  6:04  Viking  
  83  6:14  Marine  
  83  6:16  Terran Infantry Armor Level 1, Terran Infantry Weapons Level 1  
  86  6:29  Siege Tank  
  89  6:37  Barracks Reactor x2  
  92  6:50  Starport Reactor  
  92  6:52  Orbital Command  
  98  7:09  Siege Tank  
  107  7:19  Refinery x2, Armory  
  110  7:32  Viking x2  
  124  7:50  Siege Tank  
  131  8:00  Command Center  
  132  8:11  Barracks x4  
  132  8:17  Barracks  
  132  8:19  Refinery x2  
  133  8:28  Factory  
  133  8:35  Siege Tank  
  141  8:48  Medivac  
  149  9:02  Barracks Reactor x5  
  155  9:22  Factory Tech Lab  
Spawning Tool Build Advisor. Get it on Overwolf

Go to:

Details

  • Created by: GARATOS
  • Published on: Oct 22, 2020
  • Modified on: Oct 22, 2020
  • Patch: 4.11.0
  • Difficulty: Easy
Show
View Real Time Build Order
Export as new Build Order

Comments (0)

There are no comments. Be the first!

Create an account to comment!